cohdb
Replays
Latest Replays
All Replays
Popular Replays
Top Player Replays
Match Explorer
How It Works
Community
CoH3 Stats
Reddit
Sign in to upload your games and track your stats! →
Sign in with Steam
Match 45581082
Unlisted
Match 45581082
Overview
Messages
Build Orders
End
Kradschützen Motorcycle Team
Panzergrenadier Squad
Selects Panzerjäger Kommand Battlegroup
Selects Blockade Equipment
250 Light Carrier
Construct Light Support Kompanie
MG34 Team
Selects GrB 39 Grenade Launcher Requisition
2.5-tonne Medical Truck
Panzerjäger Squad
Assault Mechanized Group
Fire Support Elements
Panzergrenadier Squad
Selects Defensive Positions
Combat Half-tracks
Cagiman
1174689543
Vanne
pizza
RitraXP
Rudolf
Highwaylord
Dosehorper
0
0
Comments
sign in to comment!
No comments posted yet!